Map: Pendiente de Agustín EE

Players

MrFercho

  • Race: Zerg Zerg
  • League: Gold
  • Spawn Location: 11:00

TATORREA

  • Race: Protoss Protoss
  • League: Gold
  • Spawn Location: 12:00

tigro

  • Race: Terran Terran
  • League: Bronze
  • Spawn Location: 12:00

sdarck - Winner!

  • Race: Terran Terran
  • League: Gold
  • Spawn Location: 6:00

Aionz - Winner!

  • Race: Protoss Protoss
  • League: Silver
  • Spawn Location: 5:00

Akalyn - Winner!

  • Race: Zerg Zerg
  • Spawn Location: 6:00

VOD

Have the link to the VOD?

Description

Time

  • Played on: July 21, 2020, 10:33 p.m.
  • Length: 21:54
Show
View Real Time Build Order
Export as new Build Order

MrFercho Zerg 

Build Orders: Hatch First, Lurkers 

Get SALT Encoding   

  12  0:01  Drone  
  13  0:14  Overlord  
  13  0:17  Drone  
  14  0:32  Drone x2  
  16  0:52  Drone  
  16  0:54  Hatchery  
  16  0:56  Drone  
  17  0:59  Drone  
  18  1:10  Extractor  
  17  1:16  Spawning Pool  
  16  1:19  Drone  
  17  1:26  Drone  
  17  1:32  Drone  
  19  1:40  Overlord  
  19  1:51  Drone  
  20  2:06  Drone  
  20  2:07  Queen  
  20  2:08  Queen  
  23  2:10  Zergling x2  
  26  2:24  Drone  
  26  2:25  Drone x2  
  29  2:40  Drone x3  
  32  2:51  Drone x2  
  34  3:05  Drone  
  34  3:06  Drone  
  34  3:07  Lair  
  36  3:14  Overlord x2  
  36  3:23  Metabolic Boost  
  36  3:32  Queen  
  38  3:41  Zergling x2  
  38  3:42  Zergling x8  
  38  3:46  Drone x7  
  50  4:03  Evolution Chamber  
  50  4:05  Hatchery  
  50  4:09  Hydralisk Den  
  47  4:10  Extractor  
  47  4:12  Extractor  
  45  4:34  Pneumatized Carapace  
  45  4:37  Overlord  
  45  4:38  Overlord x3  
  45  4:44  Grooved Spines  
  45  5:01  Drone x2  
  45  5:02  Drone x2  
  45  5:04  Drone x3  
  52  5:07  Drone  
  52  5:14  Hatchery  
  52  5:15  Drone x3  
  52  5:16  Hatchery  
  52  5:19  Hatchery  
  53  5:32  Nydus Network  
  52  5:43  Zergling x16  
  60  5:56  Muscular Augments  
  60  6:24  Baneling Nest  
  46  6:55  Drone x7  
  53  7:07  Drone x13  
  66  7:15  Extractor  
  65  7:19  Extractor  
  65  7:20  Extractor  
  63  7:31  Centrifical Hooks  
  63  7:34  Zerg Missile Weapons Level 1  
  63  7:38  Evolution Chamber, Drone x3  
  65  8:00  Infestation Pit  
  64  8:07  Lurker Den  
  64  8:11  Drone x3  
  64  8:12  Spire  
  65  8:14  Zerg Ground Armor Level 1  
  65  8:17  Hydralisk x7  
  65  8:19  Overlord x4  
  79  8:20  Overlord  
  79  8:21  Zergling x24  
  91  8:52  Hive  
  91  9:01  Burrow  
  91  9:06  Hydralisk x7  
  105  9:12  Drone x3  
  105  9:13  Drone x2  
  110  9:28  Hatchery  
  109  9:32  Queen  
  109  9:35  Hydralisk  
  109  9:37  Hatchery  
  112  9:39  Lurker x2  
  112  9:40  Lurker x3  
  117  9:46  Hatchery  
  117  9:52  Overlord x4  
  116  9:53  Overlord x6  
  116  9:58  Zerg Missile Weapons Level 2  
  116  10:04  Seismic Spines  
  116  10:08  Queen  
  118  10:18  Zergling x2  
  118  10:19  Zergling x52  
  118  10:20  Zergling x6  
  148  10:30  Zerg Ground Armor Level 2  
  148  10:41  Baneling x2  
  148  10:42  Baneling x11  
  148  11:01  Adaptive Talons  
  148  11:03  Nydus Canal  
  148  11:11  Hydralisk x2  
  148  11:12  Hydralisk x6  
  162  11:35  Overseer  
  102  12:12  Hydralisk  
  102  12:13  Hydralisk x18  
  102  12:14  Hydralisk  
  126  12:42  Hydralisk x9  
  144  12:57  Overseer x2  
  144  12:58  Overseer x2  
  144  13:11  Zerg Flyer Armor Level 1  
  144  13:12  Corruptor  
  146  13:26  Drone x11  
  146  13:27  Drone x13  
  170  13:38  Extractor x2  
  168  14:06  Extractor, Corruptor x5  
  168  14:07  Corruptor x4  
  185  14:10  Extractor  
  185  14:16  Zerg Missile Weapons Level 3  
  182  14:52  Corruptor x8  
  164  15:42  Hydralisk x16  
  128  15:43  Hydralisk x6  
  162  15:59  Overseer  
  162  16:00  Overseer x4  
  162  16:01  Overlord x5  
  162  16:02  Overlord x6  
  156  16:30  Corruptor x6  
  168  16:52  Hydralisk  
  168  16:53  Hydralisk x10  
  190  16:57  Zergling x2  
  190  16:58  Zergling x18  
  118  18:14  Hydralisk x19  
  118  18:15  Hydralisk x5  
  166  18:26  Ultralisk Cavern  
  166  18:27  Greater Spire  
  165  18:49  Hydralisk x7  
  165  18:50  Hydralisk x7  
  193  19:04  Hatchery  
  193  19:05  Extractor  
  193  19:09  Extractor  
  190  19:27  Chitinous Plating  
  170  19:41  Corruptor x8  
  176  19:54  Corruptor x6  
  176  19:55  Corruptor  
  134  20:16  Hydralisk x6  
  134  20:17  Hydralisk x4  
  118  20:45  Anabolic Synthesis  
  118  20:46  Corruptor  
  118  20:47  Corruptor x9  
  128  21:03  Zergling x26  
  128  21:04  Zergling x2  
  142  21:18  Hydralisk x16  
  140  21:19  Hydralisk  
Show
View Real Time Build Order
Export as new Build Order

TATORREA Protoss 

Build Orders: 1 Gate Expand 

Get SALT Encoding   

  12  0:01  Probe  
  13  0:13  Probe  
  14  0:25  Pylon  
  14  0:29  Probe  
  15  0:43  Probe  
  16  0:54  Gateway  
  16  0:56  Probe  
  17  1:04  Probe  
  16  1:09  Assimilator  
  16  1:10  Pylon  
  17  1:12  Probe  
  18  1:22  Probe  
  19  1:35  Probe  
  20  1:44  Nexus  
  20  1:49  Cybernetics Core  
  20  1:58  Probe  
  21  2:06  Zealot  
  21  2:07  Assimilator  
  23  2:10  Probe  
  24  2:20  Pylon  
  24  2:22  Probe  
  25  2:27  Warp Gate  
  25  2:33  Zealot  
  27  2:38  Probe  
  28  2:51  Gateway  
  28  2:53  Probe  
  28  2:54  Twilight Council  
  29  3:00  Zealot  
  29  3:02  Probe  
  32  3:06  Charge, Probe  
  33  3:17  Probe  
  33  3:19  Gateway  
  34  3:20  Probe  
  35  3:27  Zealot  
  35  3:29  Probe  
  38  3:35  Probe  
  39  3:45  Probe  
  39  3:46  Gateway  
  40  3:49  Probe  
  41  3:58  Pylon, Probe  
  41  4:01  Pylon  
  43  4:02  Probe  
  43  4:10  Probe  
  43  4:15  Probe  
  45  4:20  Assimilator  
  45  4:22  Assimilator  
  45  4:23  Probe  
  46  4:27  Probe, Zealot x3  
  53  4:35  Probe  
  54  4:39  Probe  
  55  4:48  Probe  
  55  4:51  Probe  
  57  4:57  Zealot x3  
  57  4:58  Zealot  
  65  5:00  Probe  
  65  5:03  Probe  
  67  5:18  Nexus  
  67  5:20  Pylon  
  67  5:22  Pylon  
  67  5:27  Forge  
  67  5:28  Forge  
  67  5:34  Forge, Zealot  
  69  6:15  Protoss Ground Armor Level 1, Protoss Ground Weapons Level 1, Protoss Shields Level 1  
  57  6:30  Blink  
  57  6:32  Zealot x4  
  61  6:44  Probe x2  
  61  6:45  Probe  
  60  6:52  Robotics Facility  
  60  6:56  Probe x2  
  60  6:57  Pylon, Probe  
  60  7:00  Pylon  
  63  7:04  Pylon  
  63  7:06  Zealot x2  
  63  7:07  Zealot  
  69  7:17  Gateway  
  69  7:18  Gateway  
  69  7:21  Gateway  
  69  7:24  Zealot  
  69  7:27  Assimilator  
  67  7:31  Assimilator  
  67  7:36  Gateway  
  67  7:37  Gateway  
  67  7:40  Gateway  
  67  7:51  Probe x3  
  70  8:03  Templar Archives, Probe x3  
  70  8:04  Observer  
  74  8:07  Nexus  
  74  8:08  Pylon  
  74  8:10  Pylon  
  74  8:13  Zealot  
  74  8:14  Zealot x4  
  74  8:19  Stalker x2  
  88  8:25  Immortal  
  92  8:42  Protoss Ground Armor Level 2, Protoss Ground Weapons Level 2  
  92  8:43  Protoss Shields Level 2  
  92  8:54  Stalker x3  
  92  8:55  High Templar  
  100  8:56  High Templar  
  100  8:57  High Templar x5  
  112  9:06  Immortal  
  116  9:15  Robotics Bay  
  116  9:18  Stargate  
  116  9:22  Stargate x2  
  116  9:23  Probe x2  
  118  9:24  Probe  
  118  9:30  Zealot x5  
  118  9:31  Zealot x3  
  133  9:37  Archon x3  
  135  9:49  Probe x4  
  139  9:59  Psionic Storm  
  139  10:01  Immortal, Probe x3  
  139  10:02  Probe  
  139  10:04  Extended Thermal Lance  
  147  10:16  Probe x2  
  147  10:17  Probe x2  
  151  10:25  Assimilator  
  151  10:27  Stalker x2  
  155  10:29  Assimilator  
  155  10:41  Observer  
  156  10:43  Pylon  
  156  10:46  Pylon  
  156  10:50  Pylon  
  156  10:53  Pylon  
  150  10:57  Pylon  
  150  11:01  Colossus  
  150  11:02  Pylon  
  79  11:22  High Templar  
  79  11:23  High Templar x4  
  79  11:24  High Templar x2  
  93  11:27  Zealot x3  
  93  11:30  Archon x3  
  99  11:33  Probe x4  
  99  11:34  Gravitic Boosters  
  103  11:45  Probe x4  
  107  11:58  Nexus  
  107  12:01  Pylon  
  107  12:03  Colossus, Pylon  
  107  12:05  Fleet Beacon  
  113  12:08  Gateway  
  113  12:12  Protoss Ground Weapons Level 3, Gateway, Protoss Ground Armor Level 3, Void Ray x3  
  113  12:15  Gateway  
  125  12:17  Gateway, High Templar  
  125  12:19  Gateway, Zealot  
  125  12:20  Zealot  
  125  12:21  Zealot x3  
  125  12:22  Gateway, Zealot x4  
  143  12:24  Gateway  
  143  12:28  Archon  
  145  13:00  Observer  
  146  13:13  Stalker  
  146  13:14  Stalker x4, Assimilator  
  146  13:15  Stalker x3  
  146  13:16  Stalker x4  
  146  13:17  Stalker x2  
  168  13:21  Tempest  
  154  14:05  Protoss Shields Level 3  
  154  14:08  Probe x4  
  158  14:12  Nexus  
  158  14:15  Pylon  
  158  14:19  Tempest x2, Carrier  
  158  14:20  Probe x3  
  158  14:22  Colossus  
  183  14:26  Zealot  
  183  14:27  Zealot x4  
  183  14:28  Zealot x3  
  124  15:22  Observer  
  124  15:25  Tempest  
  124  15:26  Tempest, Carrier  
  138  15:29  High Templar  
  138  15:30  High Templar x5  
  138  15:32  Zealot  
  138  15:33  Zealot x5  
  138  15:34  Zealot x3  
  138  15:35  Zealot x2  
  172  15:38  Archon  
  172  15:39  Archon x2  
  172  15:43  Colossus  
  177  16:12  Pylon  
  177  16:15  Pylon  
  177  16:19  Tempest, Carrier  
  177  16:22  Nexus  
  188  16:26  Assimilator  
  188  16:30  Tempest  
  193  16:37  High Templar  
  193  16:38  Zealot  
  193  16:39  Zealot  
  128  17:49  Tempest x2, Carrier  
  144  17:51  High Templar  
  144  17:52  High Templar x5  
  144  17:53  High Templar x2  
  144  17:54  Zealot x3  
  144  17:55  Zealot x3  
  144  17:56  Zealot x2  
  159  17:59  Archon x3  
  159  18:00  Archon  
  139  18:30  Zealot x3  
  139  18:31  Zealot x4  
  139  18:32  Zealot x4  
  139  18:33  Zealot x2  
  165  18:34  Zealot  
  165  18:35  Zealot x2  
  131  19:01  Zealot  
  131  19:02  Zealot x5  
  127  19:03  Zealot x2  
  127  19:04  Zealot x5  
  127  19:05  Zealot x3  
  141  19:20  Pylon  
  141  19:23  Pylon, Zealot x2  
  141  19:24  Zealot x5  
  116  19:25  Zealot x2  
  116  19:26  Zealot x4  
  116  19:27  Zealot x2  
Show
View Real Time Build Order
Export as new Build Order

tigro Terran 

Build Orders:  

Get SALT Encoding   

  12  0:12  Supply Depot  
  12  0:13  SCV  
  13  0:26  SCV, Refinery  
  14  0:38  SCV  
  15  0:47  Barracks  
  15  0:51  SCV  
  16  1:03  SCV  
  17  1:15  SCV  
  18  1:19  Supply Depot  
  18  1:27  SCV  
  19  1:35  Marine  
  21  1:40  SCV  
  21  1:45  Refinery  
  21  1:52  SCV  
  21  1:53  Marine  
  23  2:04  SCV  
  24  2:11  Marine  
  24  2:14  Factory  
  25  2:16  SCV  
  26  2:28  SCV  
  26  2:29  Marine  
  28  2:47  Marine  
  28  2:48  Engineering Bay  
  29  3:01  Factory Tech Lab  
  29  3:12  Orbital Command  
  29  3:16  Refinery  
  29  3:20  Barracks Tech Lab  
  29  3:28  Command Center  
  29  3:36  Terran Infantry Weapons Level 1  
  29  3:54  Combat Shield  
  29  4:21  Siege Tank  
  32  4:28  Marine  
  33  4:40  SCV  
  33  4:41  Refinery  
  34  4:46  Marine  
  34  4:52  SCV  
  36  4:53  Siege Tank  
  39  5:01  Starport  
  39  5:04  Marine, SCV  
  41  5:13  Stimpack  
  41  5:16  SCV  
  42  5:22  Marine  
  43  5:28  SCV  
  43  5:31  Terran Infantry Armor Level 1  
  44  5:40  Marine, SCV  
  44  5:41  Armory  
  46  5:43  Medivac  
  48  5:53  SCV  
  49  6:05  SCV  
  49  6:10  Marine  
  51  6:17  SCV  
  52  6:28  Marine  
  53  6:46  Marine  
  54  6:54  Starport Tech Lab  
  54  7:00  Fusion Core  
  54  7:04  Marine  
  54  7:21  Marine  
  47  7:25  Neosteel Armor  
  43  7:39  Marine  
  44  7:52  Barracks  
  44  8:05  Command Center  
  44  8:06  Weapon Refit  
  44  8:12  Terran Vehicle Weapons Level 1  
  44  8:41  SCV  
  51  8:53  SCV  
  51  8:55  Barracks Reactor  
  52  9:04  Terran Infantry Weapons Level 2  
  52  9:05  SCV  
  53  9:13  Refinery  
  53  9:17  SCV  
  53  9:18  Refinery  
  53  9:23  Medivac  
  50  9:29  SCV  
  51  9:35  Supply Depot  
  51  9:40  Marine x3  
  54  9:46  Rapid Reignition System  
  54  9:48  Missile Turret  
  54  9:53  Battlecruiser  
  54  9:57  Marine  
  54  9:58  Marine x2  
  54  9:59  Supply Depot  
  63  10:06  Terran Vehicle And Ship Armor Level 1  
  63  10:12  Missile Turret  
  63  10:15  Marine x2  
  63  10:16  Marine  
  66  10:33  Marine x3  
  69  10:37  Missile Turret  
  69  10:51  Marine  
  69  10:53  Marine  
  69  10:54  Marine  
  72  10:57  Battlecruiser  
  78  11:09  Marine  
  79  11:11  Marine  
  79  11:12  Marine  
  79  11:17  Missile Turret  
  79  11:20  Hi-Sec Auto Tracking  
  59  11:27  Marine  
  59  11:29  Marine x2  
  62  11:34  Thor  
  62  11:39  Missile Turret  
  68  11:45  Marine  
  69  11:47  Marine x2  
  69  11:48  SCV  
  72  12:00  Terran Ship Weapons Level 1, Missile Turret, SCV  
  73  12:01  Battlecruiser  
  73  12:02  Marine  
  80  12:12  SCV  
  81  12:17  Thor, Terran Infantry Armor Level 2  
  81  12:22  Planetary Fortress  
  87  12:23  Missile Turret  
  87  12:24  SCV  
  88  12:36  SCV  
  89  12:48  SCV  
  90  13:00  Thor, SCV  
  97  13:06  Battlecruiser  
  97  13:12  SCV  
  103  13:42  Thor  
  105  13:54  Terran Vehicle Weapons Level 2  
  101  14:10  Battlecruiser  
  101  14:11  Marine  
  101  14:12  Marine  
  109  14:26  Supply Depot  
  109  14:33  Terran Infantry Weapons Level 3  
  109  14:35  Command Center  
  109  14:48  Thor, Marine x2  
  109  14:49  Supply Depot  
  117  15:10  Marine x3  
  120  15:28  Marine x3  
  123  15:42  Missile Turret  
  123  15:46  Marine x2  
  125  16:02  Missile Turret  
  125  16:04  Marine  
  125  16:09  Terran Vehicle And Ship Armor Level 2  
  126  16:23  Missile Turret  
  126  16:43  Battlecruiser, Missile Turret  
  126  16:46  Thor  
  138  16:50  Refinery  
  138  16:54  Refinery  
  127  17:04  Missile Turret  
  103  17:21  Planetary Fortress  
  70  17:24  Missile Turret  
  70  17:29  Thor  
  70  17:47  Battlecruiser  
  76  18:12  Thor  
  82  18:25  Missile Turret  
  82  18:46  Missile Turret  
  82  18:51  Battlecruiser  
  82  18:55  Thor  
  82  19:06  Missile Turret  
  64  19:27  Missile Turret  
  64  19:28  Marine  
  64  19:31  Marine x2  
  64  19:38  Thor  
  69  19:46  Marine  
  69  19:48  Marine  
  69  19:49  Marine  
  72  19:55  Battlecruiser  
  76  20:04  Starport, Marine  
  76  20:06  Marine  
  76  20:07  Marine  
  76  20:21  Thor  
  82  20:22  Marine  
  82  20:24  Marine x2  
  67  20:40  Marine  
  67  20:42  Marine x2  
  61  20:52  Starport Tech Lab  
  61  20:57  Marine  
  61  21:00  Marine  
Show
View Real Time Build Order
Export as new Build Order

sdarck Terran - Winner!

Build Orders:  

Get SALT Encoding   

  12  0:19  Supply Depot  
  12  0:21  SCV  
  13  0:26  Refinery  
  13  0:33  SCV  
  14  0:45  Barracks, SCV  
  15  1:06  SCV  
  16  1:13  Supply Depot  
  16  1:18  SCV  
  17  1:30  SCV  
  17  1:31  Marine  
  19  1:44  Factory  
  19  1:48  Orbital Command  
  19  1:49  Marine  
  20  2:07  Marine  
  21  2:14  SCV  
  22  2:25  Barracks  
  22  2:26  SCV  
  22  2:27  Factory Tech Lab  
  23  2:31  Refinery  
  23  2:38  Barracks Tech Lab, SCV  
  24  2:52  Command Center  
  24  2:57  Marine  
  25  3:01  Siege Tank  
  28  3:08  Engineering Bay  
  28  3:11  SCV  
  29  3:14  Marine  
  29  3:16  Barracks Reactor  
  30  3:22  Supply Depot  
  30  3:23  SCV  
  31  3:34  Missile Turret  
  31  3:44  Supply Depot, SCV  
  31  3:46  Widow Mine  
  34  4:01  Marine x3  
  37  4:08  Widow Mine  
  37  4:09  SCV  
  41  4:11  Orbital Command  
  40  4:18  Armory  
  40  4:21  SCV, Missile Turret  
  41  4:34  Widow Mine, SCV  
  44  4:40  SCV  
  44  4:43  Refinery  
  45  4:46  SCV  
  45  4:52  Starport, SCV  
  47  4:53  Terran Infantry Weapons Level 1  
  47  4:55  Widow Mine  
  47  4:59  Marine x2  
  51  5:11  SCV  
  51  5:12  SCV  
  51  5:13  Marine  
  54  5:14  Refinery  
  54  5:15  Drilling Claws  
  54  5:16  Widow Mine  
  56  5:24  SCV x2  
  58  5:30  Supply Depot, Terran Vehicle And Ship Armor Level 1  
  58  5:31  Starport Tech Lab  
  58  5:40  SCV x2  
  60  5:53  Marine x2  
  60  5:54  Marine  
  60  5:56  Thor  
  69  6:11  Marine  
  70  6:12  Supply Depot  
  70  6:29  Combat Shield  
  70  6:34  Raven, Marine  
  70  6:36  Supply Depot  
  70  6:37  Barracks  
  75  6:40  Widow Mine  
  75  6:45  Smart Servos, Factory  
  75  6:57  Marine x2  
  77  7:02  Thor  
  77  7:03  SCV x2  
  85  7:12  Terran Infantry Armor Level 1  
  85  7:26  Barracks Tech Lab  
  85  7:30  Factory Tech Lab  
  85  7:41  Marine  
  86  7:48  Command Center  
  86  7:51  Fusion Core  
  86  7:54  Stimpack  
  86  7:57  Terran Ship Weapons Level 1  
  86  8:09  Supply Depot  
  86  8:10  Supply Depot  
  86  8:30  Medivac, Marine x4  
  86  8:32  Supply Depot  
  86  8:34  Supply Depot  
  92  8:48  Marauder, Marine  
  92  8:49  Marauder  
  92  8:50  Siege Tank  
  92  8:54  Siege Tank  
  92  8:55  Supply Depot  
  103  8:59  Supply Depot  
  103  9:01  Battlecruiser  
  109  9:07  Armory  
  109  9:13  Starport  
  109  9:16  Concussive Shells  
  109  9:19  SCV x2  
  109  9:23  Widow Mine  
  113  9:24  Refinery  
  113  9:25  Planetary Fortress  
  113  9:26  Widow Mine  
  115  9:31  Marine x2, SCV x2  
  119  9:43  SCV x2  
  124  9:45  Cyclone  
  124  9:47  Cyclone  
  127  9:58  SCV  
  127  9:59  SCV  
  129  10:06  Refinery  
  129  10:20  Missile Turret  
  129  10:21  SCV x2  
  131  10:22  Marine x3  
  131  10:23  Missile Turret  
  131  10:28  Starport Tech Lab  
  134  10:33  SCV  
  135  10:36  Terran Vehicle And Ship Armor Level 2, Terran Ship Weapons Level 2  
  135  10:42  Missile Turret x2  
  135  10:48  Armory  
  135  10:50  Terran Infantry Weapons Level 2  
  135  10:56  Weapon Refit  
  109  11:10  Marine x4  
  100  11:27  Marine  
  100  11:28  Marine x3, Battlecruiser x2  
  116  11:43  SCV x2  
  116  11:45  Marine x2  
  120  12:08  Thor  
  120  12:09  Thor  
  120  12:10  Marine x4  
  136  12:28  Marine x2  
  138  12:57  Thor x2  
  148  13:10  Supply Depot x2  
  148  13:13  Supply Depot  
  148  13:14  Supply Depot  
  148  13:15  Terran Vehicle Weapons Level 1  
  148  13:17  Terran Vehicle And Ship Armor Level 3  
  148  13:31  Battlecruiser  
  148  13:32  Battlecruiser  
  160  14:10  Marine x2  
  160  14:13  Siege Tank x2  
  168  14:36  Battlecruiser x2  
  174  14:47  Thor  
  180  15:29  Marine  
  180  15:32  Command Center  
  181  15:55  Thor, Marine x4  
  191  16:01  Terran Vehicle Weapons Level 2, Terran Ship Weapons Level 3  
  191  16:03  Thor  
  197  16:25  Marine x2  
  181  17:05  Marine x2  
  154  17:17  Command Center, Marine x2  
  154  17:19  Thor x2  
  154  17:21  Battlecruiser  
  171  17:23  Marine x2  
  173  17:35  Marine  
  173  17:43  Marine x3  
  175  17:58  Marine  
  161  18:01  Marine x3  
  162  18:15  Marine  
  162  18:19  Marine x3  
  166  18:33  Marine  
  166  18:36  Marine x2  
  166  18:37  Marine  
  169  18:49  Thor x2  
  169  18:51  Marine  
  169  18:53  Refinery  
  169  18:54  Marine x3  
  184  18:55  Refinery  
  182  19:09  Marine  
  177  19:12  Marine x3  
  167  19:27  Marine  
  167  19:30  Marine x3  
  171  19:32  Thor x2  
  172  19:44  Marine  
  164  19:45  Orbital Command  
  164  19:48  Marine x3  
  167  20:02  Marine  
  167  20:05  Marine x2  
  170  20:15  Thor x2  
  182  20:27  Battlecruiser  
  182  20:28  Battlecruiser  
  194  20:58  Cyclone x2  
  199  21:18  Marine  
Show
View Real Time Build Order
Export as new Build Order

Aionz Protoss - Winner!

Build Orders: Carriers 

Get SALT Encoding   

  12  0:04  Probe  
  13  0:22  Pylon  
  13  0:33  Probe  
  14  0:40  Gateway  
  14  0:45  Probe  
  15  0:54  Assimilator  
  15  0:57  Probe  
  16  1:05  Probe  
  17  1:13  Probe  
  18  1:23  Probe  
  19  1:29  Cybernetics Core  
  19  1:31  Zealot  
  21  1:35  Probe  
  22  1:47  Probe  
  22  1:53  Nexus  
  23  2:00  Pylon  
  23  2:08  Warp Gate  
  23  2:14  Assimilator  
  23  2:18  Adept  
  23  2:20  Probe  
  26  2:29  Pylon  
  26  2:47  Adept  
  26  2:51  Robotics Facility  
  26  2:53  Probe  
  29  3:05  Gateway  
  29  3:06  Probe  
  29  3:08  Pylon, Probe  
  31  3:18  Probe  
  32  3:21  Adept  
  34  3:31  Probe  
  34  3:32  Stargate, Probe, Observer  
  37  3:43  Probe  
  38  3:59  Stalker  
  40  4:04  Probe  
  40  4:05  Probe  
  40  4:08  Pylon  
  42  4:16  Probe  
  42  4:17  Probe  
  44  4:21  Assimilator  
  44  4:25  Assimilator  
  44  4:27  Stalker x2  
  44  4:29  Probe x2  
  50  4:35  Phoenix  
  50  4:41  Probe x2  
  54  4:53  Probe x2  
  54  4:58  Phoenix  
  56  5:05  Probe x2  
  60  5:17  Probe x2  
  60  5:19  Forge  
  60  5:21  Protoss Air Weapons Level 1, Pylon  
  62  5:24  Sentry x2  
  62  5:26  Phoenix  
  68  5:29  Probe x2  
  70  5:41  Protoss Ground Weapons Level 1  
  70  5:51  Shield Battery  
  70  5:58  Stalker x2  
  74  6:24  Stalker  
  74  6:25  Stalker  
  78  6:37  Pylon  
  78  6:41  Pylon  
  78  6:43  Pylon  
  78  6:46  Immortal  
  78  6:53  Phoenix  
  78  6:59  Shield Battery  
  84  7:09  Twilight Council  
  84  7:15  Pylon  
  84  7:18  Phoenix  
  84  7:37  Stalker x2  
  86  7:43  Phoenix  
  90  7:46  Gateway  
  90  7:49  Pylon  
  90  7:57  Fleet Beacon  
  90  8:02  Stargate  
  90  8:04  Immortal  
  90  8:08  Stalker x2, Phoenix  
  90  8:11  Nexus  
  96  8:13  Pylon  
  96  8:16  Pylon  
  100  8:33  Phoenix  
  102  8:45  Stalker x2  
  102  8:46  Stalker  
  108  8:52  Shield Battery  
  108  8:55  Shield Battery  
  108  8:56  Photon Cannon  
  108  8:58  Phoenix  
  108  8:59  Photon Cannon  
  108  9:00  Phoenix  
  112  9:03  Photon Cannon  
  112  9:11  Pylon  
  112  9:13  Pylon  
  112  9:16  Gateway x2, Pylon  
  112  9:18  Pylon  
  112  9:22  Gateway  
  112  9:23  Phoenix  
  114  9:25  Phoenix  
  114  9:27  Probe x2  
  114  9:28  Probe  
  114  9:29  Dark Shrine  
  119  9:34  Assimilator  
  119  9:39  Probe x2  
  119  9:40  Probe  
  122  9:56  Protoss Shields Level 1  
  122  10:03  Carrier x2  
  133  10:17  Anion Pulse-Crystals  
  133  10:32  Probe x2  
  135  10:37  Protoss Air Weapons Level 2  
  135  10:40  Assimilator  
  135  10:47  Warp Prism  
  137  11:03  Dark Templar x3  
  143  11:04  Dark Templar  
  143  11:39  Carrier  
  149  12:03  Dark Templar x4  
  149  12:07  Archon x2  
  157  12:14  Observer  
  158  13:02  Carrier x2  
  148  13:56  Carrier x2  
  160  14:11  Probe x2  
  162  14:29  Nexus  
  162  14:30  Pylon  
  162  14:33  Pylon  
  162  14:35  Pylon  
  162  14:55  Probe x3  
  165  15:00  Carrier x2  
  177  15:07  Probe  
  158  15:57  Carrier x2  
  148  16:09  Stalker x4  
  166  16:17  Probe x2  
  166  16:18  Probe x2  
  170  16:26  Photon Cannon  
  170  16:28  Photon Cannon  
  170  16:29  Probe x2  
  170  16:30  Photon Cannon  
  170  16:31  Photon Cannon  
  172  16:33  Photon Cannon  
  172  16:35  Shield Battery  
  172  16:36  Shield Battery  
  172  16:37  Shield Battery  
  172  16:41  Shield Battery  
  172  16:44  Photon Cannon  
  172  16:45  Photon Cannon  
  172  16:48  Photon Cannon  
  172  16:50  Photon Cannon  
  172  16:53  Pylon  
  172  16:55  Pylon  
  172  16:59  Carrier x2  
  172  17:05  Pylon  
  172  17:07  Assimilator  
  184  17:09  Assimilator  
  180  17:28  Stalker x3  
  180  17:29  Stalker x3  
  192  17:33  Probe x3  
  172  18:03  Carrier x2  
  172  18:05  Protoss Shields Level 2  
  172  18:14  Stalker x4  
  172  18:15  Stalker  
  182  18:24  Protoss Air Weapons Level 3  
  178  18:54  Stalker x3  
  158  19:07  Carrier x2  
  170  19:31  Dark Templar x2  
  168  19:53  Stargate  
  162  20:09  Carrier x2  
  160  21:42  Nexus  
  160  21:47  Pylon  
  156  21:49  Pylon  
  156  21:51  Pylon  
  156  21:52  Pylon x2  
  156  21:53  Pylon  
Show
View Real Time Build Order
Export as new Build Order

Akalyn Zerg - Winner!

Build Orders: Hatch First 

Get SALT Encoding   

  12  0:08  Drone  
  12  0:12  Overlord  
  13  0:23  Drone  
  14  0:32  Drone  
  15  0:47  Hatchery  
  14  0:51  Drone  
  15  1:10  Drone x2  
  17  1:25  Extractor, Spawning Pool  
  16  1:26  Drone x2  
  17  1:36  Drone  
  18  1:45  Drone  
  19  1:56  Overlord  
  19  2:12  Zergling x2  
  19  2:15  Queen  
  22  2:16  Queen  
  22  2:20  Extractor  
  23  2:29  Drone x2  
  25  2:33  Drone x3  
  28  2:41  Roach Warren  
  28  2:58  Drone x3  
  28  2:59  Drone x2  
  32  3:07  Overlord  
  32  3:09  Evolution Chamber  
  32  3:10  Overlord  
  31  3:26  Lair  
  31  3:41  Roach  
  31  3:42  Roach x5  
  31  3:47  Drone  
  44  3:49  Overlord  
  44  4:05  Zerg Missile Weapons Level 1  
  44  4:09  Overlord  
  44  4:10  Overlord  
  44  4:14  Roach x2  
  44  4:15  Roach  
  50  4:19  Roach  
  52  4:25  Tunneling Claws  
  52  4:32  Drone x3  
  52  4:34  Drone  
  56  5:15  Drone x3  
  56  5:18  Drone x3  
  56  5:19  Drone  
  63  5:21  Extractor  
  63  5:23  Extractor  
  63  5:24  Queen  
  63  5:26  Queen  
  63  5:27  Overlord x3  
  64  5:43  Glial Reconstitution  
  64  5:59  Zerg Ground Armor Level 1  
  64  6:01  Drone x2  
  64  6:02  Drone  
  67  6:04  Drone  
  67  6:07  Drone  
  51  6:49  Roach x7  
  51  6:50  Roach x6  
  75  7:02  Drone  
  76  7:18  Hatchery  
  75  7:45  Infestation Pit  
  75  7:48  Hydralisk Den  
  73  7:52  Roach x3  
  73  7:53  Zerg Missile Weapons Level 2, Roach x3  
  85  8:03  Overlord x2  
  85  8:06  Pneumatized Carapace  
  85  8:25  Extractor  
  85  8:27  Drone x5  
  85  8:28  Drone  
  90  8:39  Drone  
  90  8:40  Queen  
  93  8:43  Overlord  
  93  8:44  Overlord x2  
  93  9:02  Muscular Augments  
  93  9:05  Hive  
  93  9:13  Drone x2  
  93  9:14  Drone  
  93  9:16  Queen  
  93  9:17  Extractor, Hydralisk  
  97  9:18  Hydralisk x6  
  97  9:19  Hydralisk x4  
  119  9:28  Roach x5  
  129  9:33  Overlord  
  129  9:34  Overlord x2  
  129  9:53  Drone x2  
  131  10:09  Zerg Ground Armor Level 2  
  131  10:14  Ravager x4, Grooved Spines  
  134  10:15  Ravager x2  
  134  10:17  Hydralisk x4  
  134  10:18  Hydralisk x3, Roach x4  
  134  10:19  Roach  
  161  10:26  Overlord  
  161  10:27  Overlord x2  
  161  11:00  Lurker Den  
  91  12:42  Hatchery  
  90  12:46  Drone x2  
  90  12:47  Drone  
  90  12:50  Adaptive Talons  
  93  12:54  Zerg Missile Weapons Level 3  
  93  13:00  Roach x4  
  93  13:01  Hydralisk x7, Roach x3  
  93  13:02  Hydralisk x3  
  93  13:03  Hydralisk x2, Roach x4  
  93  13:04  Roach  
  141  13:47  Seismic Spines  
  141  14:01  Drone  
  142  14:18  Hydralisk, Roach x3  
  142  14:19  Hydralisk x6, Roach x3  
  142  14:20  Hydralisk x4  
  176  14:24  Lurker x2  
  123  15:31  Zerg Ground Armor Level 3  
  90  15:47  Lurker x4  
  90  15:48  Lurker x2  
  96  15:50  Roach  
  96  15:51  Hydralisk x2, Roach x7  
  96  15:52  Hydralisk x3, Roach x2  
  126  16:01  Extractor  
  125  16:27  Hatchery  
  31  17:45  Hydralisk x2  
  31  17:46  Hydralisk x4  
  43  17:56  Queen  
  43  18:32  Queen  
  45  19:04  Hatchery  
  38  19:21  Lurker x3  
  37  19:53  Hydralisk x3  
  37  19:54  Hydralisk x7  
  37  19:55  Hydralisk  
  59  20:24  Hatchery  
  58  20:39  Hatchery  
  54  21:18  Lurker x5  
  58  21:19  Lurker x4  
  58  21:20  Hydralisk  
Tags
 
Add a new tag
Caveats
  • Supply blocks, unpowered buildings, or Contaminate may cause inaccurate times.
  • Supply counts are checked every 10 seconds.